 Dungeon Crawl Stone Soup version 0.26.0-10-g1f06aea511 (webtiles) character file.

Game seed: 2267246529004750314

3228 vatarom the Arsonist (level 9, 0/117 HPs)
             Began as a Grey Draconian Fire Elementalist on Jan 18, 2021.
             Was a Believer of Vehumet.
             Slain by a centaur (9 damage)
             ... on level 7 of the Dungeon.
             The game lasted 00:16:56 (9679 turns).

vatarom the Arsonist (DrFE)                         Turns: 9679, Time: 00:16:56

Health: 0/117      AC: 12    Str: 12    XL:     9   Next: 66%
Magic:  5/27       EV: 12    Int: 24    God:    Vehumet [**....]
Gold:   237        SH:  0    Dex: 11    Spells: 2/20 levels left

rFire    . . .     SeeInvis .   f - +0 dagger (venom)
rCold    . . .     Faith    .   (no shield)
rNeg     . . .     Spirit   .   (armour unavailable)
rPois    .         Reflect  .   (helmet restricted)
rElec    .         Harm     .   (no cloak)
rCorr    .         Rampage  .   (no gloves)
Will     .....                  (no boots)
Stlth    ..........             (no amulet)
HPRegen  0.29/turn              t - +6 ring of intelligence
MPRegen  0.20/turn              x - ring of magical power

@: berserking, lethally poisoned (0 -> -3), very quick
A: walk through water, unfitting armour, unbreathing, cold-blooded, AC +12
a: Renounce Religion


You were on level 7 of the Dungeon.
You worshipped Vehumet.
Vehumet was pleased with you.
You visited 2 branches of the dungeon, and saw 8 of its levels.

You collected 237 gold pieces.

Inventory:

Hand Weapons
 f - a +0 dagger of venom (weapon)
Missiles
 l - 25 poisoned darts
Armour
 c - a +0 buckler
Jewellery
 i - an uncursed ring of see invisible
 r - an uncursed ring of resist corrosion
 t - a +6 ring of intelligence (left hand)
 x - a ring of magical power (right hand)
Wands
 n - a wand of paralysis (16)
 q - a wand of random effects (18)
Scrolls
 b - 2 scrolls of blinking {@r4}
 e - 3 scrolls of remove curse {@r2}
 g - 4 scrolls of enchant armour
 h - a scroll of immolation {unknown}
 o - a scroll of enchant weapon
 s - a scroll of amnesia {unknown}
Potions
 a - 5 potions of attraction
 d - a potion of brilliance {unknown}
 j - a potion of might {@q4}
 m - 2 potions of flight {unknown}
 p - a potion of berserk rage
Miscellaneous
 k - a condenser vane


   Skills:
 + Level 6.9 Fighting
 - Level 1.7 Dodging
 - Level 1.7 Stealth
 + Level 6.2 Spellcasting
 * Level 5.1 Conjurations
 - Level 9.3 Fire Magic


You had 2 spell levels left.
You knew the following spells:

 Your Spells              Type           Power        Failure   Level
a - Foxfire               Conj/Fire      100%         1%          1
b - Magic Dart            Conj           100%         1%          1
c - Conjure Flame         Conj/Fire      42%          1%          3
d - Sticky Flame          Conj/Fire      42%          4%          4
e - Fireball              Conj/Fire      21%          11%         5
q - Iskenderun's Mystic   Conj/Tloc      19%          26%         4

Your spell library contained the following spells:

 Spells                   Type           Power        Failure   Level
 Sandblast                Erth           14%          8%          1
 Searing Ray              Conj           64%          1%          2
 Inner Flame              Hex/Fire       29%          3%          3
 Dazzling Flash           Conj/Hex       38%          9%          3
 Fulminant Prism          Conj/Hex       9%           26%         4


Dungeon Overview and Level Annotations

Branches:
Dungeon (7/15)             Temple (1/1) D:4

Altars:
Ashenzari
Dithmenos
Elyvilon
Fedhas
Gozag
Hepliaklqana
Kikubaaqudgha
Makhleb
Nemelex Xobeh
Okawaru
Ru
Sif Muna
Uskayaw
Vehumet
Yredelemnul
Zin
The Shining One

Shops:
D:4 [}*(

Annotations:
D:3 Grinder


Innate Abilities, Weirdness & Mutations

You can walk through water.
Your dull iron-grey scales are very hard. (AC +12)
You cannot fit into any form of body armour.
You can survive without breathing.
You are cold-blooded and may be slowed by cold attacks.


Message History

Aiming: Sticky Flame (dangerous; 4% risk of failure)
Press: ? - help, Shift-Dir - straight line, f - centaur
Aim: a centaur, quivering 11 arrows (0% to evade)
The sticky flame hits the centaur.
The centaur is moderately wounded.
The centaur is covered in liquid flames!
You feel sick.
The centaur burns!
The centaur hits you but does no damage.
You feel sick.
The centaur burns!
The centaur wields a +0 shortbow.
The centaur shoots an arrow.
The arrow barely misses you.
You feel sick.
The centaur burns!
The centaur unwields a +0 shortbow.
The centaur closely misses you. The centaur hits you.
* * * LOW HITPOINT WARNING * * *
A red film seems to cover your vision as you go berserk!
You feel yourself moving faster!
You feel mighty!
The centaur burns!
The centaur misses you.
You completely miss the centaur.
The centaur is almost dead.
You feel sick. The centaur hits you!
You die...

#. ..# #.##..###
#....... #.....# #
#..... ## ..# ...#
.###...##########..#
...###...#....†c@.(#
.#.#.###...#.####.##
#.#.#.####...# #.#
..........##.# #.#
#.#.#.####.yo# #.#
.#.#.###...y.# #.#
...###...###.# #.#
.###...#####.# #.#
## ..........#


You could see a centaur (burning).

Vanquished Creatures
  A two-headed ogre (D:7)
  A hornet (D:7)
  An ice beast (D:6)
  A phantom (D:5)
  4 ogres
  2 centaurs
  Blork the orc (D:4)
  A big kobold (D:7)
  A gnoll sergeant (D:7)
  3 bullfrogs
  A scorpion (D:7)
  A water moccasin skeleton (D:5)
  6 killer bees (D:7)
  5 wights (D:7)
  A howler monkey (D:4)
  A centaur zombie (D:6)
  A gnoll shaman (D:7)
  4 orc wizards
  A bullfrog skeleton (D:7)
  3 orc priests
  2 hounds
  A centaur skeleton (D:7)
  An iguana (D:7)
  Jessica (D:3)
  Natasha (twice) (D:2)
  2 worker ants
  A hound skeleton (D:5)
  2 gnolls (D:5)
  7 adders
  4 river rats
  A shadow imp (D:5)
  2 white imps
  An ufetubus (D:5)
  2 worms
  3 dart slugs
  3 leopard geckos
  22 orcs
  A ball python (D:2)
  3 giant cockroaches
  9 goblins
  6 hobgoblins
  9 kobolds
  2 quokkas (D:2)
  2 bats
  A frilled lizard (D:4)
  A giant cockroach zombie (D:5)
  A rat (D:3)
132 creatures vanquished.

Vanquished Creatures (collateral kills)
  A foxfire (D:5)
1 creature vanquished.

Vanquished Creatures (others)
  A scorpion (D:4)
  A giant cockroach (D:6)
  210 foxfires
  34 plants (D:5)
246 creatures vanquished.

Grand Total: 379 creatures vanquished

Notes
Turn   | Place    | Note
-------+----------+-------------------------------------------
     0 | D:1      | vatarom the Draconian Fire Elementalist began the quest for
                  | the Orb.
     0 | D:1      | Reached XP level 1. HP: 14/14 MP: 3/3
   566 | D:1      | Reached XP level 2. HP: 22/22 MP: 3/5
  1306 | D:2      | Reached skill level 1 in Fighting
  1306 | D:2      | Reached XP level 3. HP: 4/28 MP: 2/6
  1645 | D:3      | Noticed a phantom
  2479 | D:2      | Noticed Natasha
  2485 | D:2      | Killed Natasha
  2599 | D:2      | Reached XP level 4. HP: 35/35 MP: 3/7
  2650 | D:2      | Found a glowing silver altar of Zin.
  2679 | D:2      | Noticed Natasha
  2683 | D:2      | Killed Natasha
  3032 | D:3      | Reached skill level 4 in Fire Magic
  3036 | D:3      | Learned a level 3 spell: Conjure Flame
  3041 | D:3      | Learned a level 4 spell: Sticky Flame
  3237 | D:3      | Reached XP level 5. HP: 41/41 MP: 4/8
  3636 | D:3      | Found a radiant altar of Vehumet.
  3653 | D:3      | Became a worshipper of Vehumet
  3966 | D:3      | Noticed Grinder
  4065 | D:3      | Noticed Jessica
  4076 | D:3      | Killed Jessica
  4250 | D:3      | Found a shimmering blue altar of Sif Muna.
  4506 | D:4      | Noticed Blork the orc
  4522 | D:4      | Killed Blork the orc
  4623 | D:4      | Reached XP level 6. HP: 47/50 MP: 10/10
  4741 | D:4      | Found Toofagupn's Gadget Shoppe.
  4770 | D:4      | Found Buit's Antique Armour Shop.
  4805 | D:4      | Found a staircase to the Ecumenical Temple.
  4906 | Temple   | Entered the Ecumenical Temple
  5085 | D:4      | Found Oloepeja's Antique Weapon Emporium.
  5419 | D:4      | Found Kaxowuim's Assorted Antiques.
  5495 | D:4      | Found an opulent altar of Gozag.
  5592 | D:5      | Entered Level 5 of the Dungeon
  5803 | D:5      | Found a broken altar of Ashenzari.
  5824 | D:5      | Reached skill level 5 in Fire Magic
  6056 | D:5      | Found Bimadin's Armour Boutique.
  6086 | D:5      | Your scales start taking on a dull iron-grey colour.
  6086 | D:5      | Reached XP level 7. HP: 56/56 MP: 11/11
  6086 | D:5      | Gained mutation: You can survive without breathing. [Grey
                  | Draconian growth]
  6118 | D:5      | Found a sacrificial altar of Ru.
  6355 | D:5      | Found a shadowy altar of Dithmenos.
  7130 | D:6      | Reached skill level 6 in Fire Magic
  7550 | D:6      | Reached XP level 8. HP: 66/66 MP: 14/14
  7594 | D:6      | Learned a level 5 spell: Fireball
  7763 | D:6      | Found a basalt altar of Yredelemnul.
  8005 | D:6      | Found a glowing golden altar of the Shining One.
  8007 | D:6      | Noticed an angel
  8130 | D:6      | Reached skill level 7 in Fire Magic
  8572 | D:7      | Noticed a hornet
  8580 | D:7      | Killed a hornet
  8580 | D:7      | Reached * piety under Vehumet
  8580 | D:7      | Offered knowledge of Freeze by Vehumet.
  8580 | D:7      | Noticed a two-headed ogre
  8581 | D:7      | Reached skill level 5 in Fighting
  8618 | D:7      | Reached skill level 5 in Spellcasting
  8624 | D:7      | Reached skill level 8 in Fire Magic
  8814 | D:7      | Reached XP level 9. HP: 39/75 MP: 4/16
  9273 | D:7      | Killed a two-headed ogre
  9274 | D:7      | Reached skill level 9 in Fire Magic
  9417 | D:7      | Learned a level 1 spell: Magic Dart
  9422 | D:7      | Learned a level 4 spell: Iskenderun's Mystic Blast
  9628 | D:7      | Reached ** piety under Vehumet
  9633 | D:7      | Offered knowledge of Sandblast by Vehumet.
  9655 | D:7      | Reached skill level 5 in Conjurations
  9679 | D:7      | Slain by a centaur

Illustrated notes

Levels and vault maps discovered:
D:1:      matt_arrival_grand_opening, layout_loops_ring, serial_glass,
          glass_columns_a, glass_columns_c, glass_columns_b, glass_columns_b,
          glass_columns_b, glass_columns_b, feat_on_display, item_on_display_a,
          item_on_display_a
D:2:      layout_basic, lemuel_round_altar, grunt_decor_arrowhead, uniq_natasha
D:3:      layout_basic, tgw_sif, fiery_altar_vehumet, minmay_misc_feat_tower,
          hangedman_glass_teeth, uniq_grinder
D:4:      layout_loops_cross, lemuel_round_altar, lemuel_temple_firewalk_a,
          serial_shops, nicolae_shop_competitors_out_of_business, shop_statue,
          kennysheep_mini_moat, shop, uniq_blork_the_orc
D:5:      wad_woods_stonehenge, layout_basic, overflow_temple_1_default,
          overflow_temple_1_default, serial_shops, shop_statue
D:6:      layout_basic, grunt_temple_overflow_holy_war, supply_closet_lemuel
D:7:      minmay_the_grid_four_pointed_star
          [minmay_the_grid_triangle_9x9_thin_v,
          minmay_the_grid_triangle_9x9_skeleton,
          minmay_the_grid_triangle_9x9_sparse_checkered,
          minmay_the_grid_triangle_9x9_zippers_vertical,
          minmay_the_grid_prize_trominoes], layout_loops_ring
Temple:   compressed_dpeg_triangle_lava_temple

Skill      XL: |  1  2  3  4  5  6  7  8  9 |
---------------+----------------------------+-----
Fighting       | 1 2 4 5 6 |  6.9
Conjurations   | 2 3 4 5 |  5.1
Fire Magic     | 4 5 6 8 9 |  9.3
Spellcasting   | 3 4 5 6 |  6.2
Dodging        | |  1.7
Stealth        | |  1.7

Action                   |  1- 3 |  4- 6 |  7- 9 || total
-------------------------+-------+-------+-------++-------
Melee: Dagger            |    63 |    82 |   173 ||   318
       Unarmed           |     7 |       |       ||     7
       Tailslap          |     7 |     7 |    15 ||    29
 Cast: Foxfire           |    43 |    42 |    47 ||   132
       Sticky Flame      |       |     7 |    27 ||    34
       Fireball          |       |       |     4 ||     4
       Conjure Flame     |       |       |     6 ||     6
Evoke: Wand              |       |       |     3 ||     3
  Use: Potion            |     5 |       |     8 ||    13
       Scroll            |     1 |     2 |     8 ||    11
 Stab: Sleeping          |     3 |     3 |     1 ||     7
       Paralysed         |       |       |     6 ||     6
Armor: Skin              |    22 |    24 |   115 ||   161
Dodge: Dodged            |    44 |    53 |   154 ||   251
